 Dungeon Crawl Stone Soup version 0.23-b1-6-ga921848b48 (webtiles) character file.

Game seed: 7502015614897189811

65 Infinimo the Insei (level 4, 0/33 HPs)
             Began as a Merfolk Transmuter on Feb 2, 2019.
             Slain by a goblin
             ... wielding a +0 dagger
             ... led by Robin
              (3 damage)
             ... on level 2 of the Dungeon.
             The game lasted 00:02:40 (1712 turns).

Infinimo the Insei (Merfolk Transmuter)             Turns: 1712, Time: 00:02:41

Health: 0/33       AC:  3    Str: 10    XL:     4   Next: 13%
Magic:  6/7        EV: 13    Int: 13    God:
Gold:   55         SH:  0    Dex: 14    Spells: 6/7 levels left

rFire    . . .     SeeInvis .     - Unarmed
rCold    . . .     Gourm    .   (no shield)
rNeg     . . .     Faith    .   b - +0 robe
rPois    .         Spirit   .   (no helmet)
rElec    .         Reflect  .   e - scarf {cloud immunity}
rCorr    .         Harm     .   j - +0 pair of gloves
MR       .....                  (no boots)
Stlth    +.........             (no amulet)
HPRegen  0.11/turn              (no ring)
MPRegen  0.10/turn              (no ring)

@: appendage (expiring)
A: change form in water, swift swim, stealthy swim, horns 2
a: End Transformation


You were on level 2 of the Dungeon.
You were not hungry.
You had grown temporary horns.
You visited 1 branch of the dungeon, and saw 2 of its levels.

You collected 55 gold pieces.

Inventory:

Missiles
 a - 12 arrows
Armour
 b - a +0 robe (worn)
 e - a scarf of cloud immunity (worn)
 j - a +0 pair of gloves (worn)
Scrolls
 h - a scroll of fear {unknown}
 i - 3 scrolls of identify {unknown}
Potions
 f - a potion of haste {unknown}
 g - 3 potions of heal wounds {unknown}
 k - a potion of curing {unknown}
Comestibles
 c - a chunk of flesh
 d - 3 rations


   Skills:
 + Level 2.1 Fighting
 + Level 3.5 Dodging
 * Level 4.2 Unarmed Combat
 - Level 2.0 Spellcasting
 + Level 3.4 Transmutations


You had 6 spell levels left.
You knew the following spells:

 Your Spells              Type           Power        Failure   Level  Hunger
a - Beastly Appendage     Tmut           ##....       6%          1    ##.....

Your spell library contained the following spells:

 Spells                   Type           Power        Failure   Level  Hunger
 Sticks to Snakes         Tmut           ##......     10%         2    ###....
 Spider Form              Tmut/Pois      #.........   36%         3    ####...
 Ice Form                 Ice/Tmut       #.......     77%         4    #####..
 Blade Hands              Tmut           ##........   86%         5    ######.


Dungeon Overview and Level Annotations

Branches:
Dungeon (2/15)

Altars:
Qazlal

Annotations:
D:2 Robin


Innate Abilities, Weirdness & Mutations

You revert to your normal form in water You are very nimble and swift while swimming.
You are very stealthy in the water. (Stealth+)
You have a pair of horns on your head.


Message History

You are too injured to fight recklessly!
A hobgoblin comes into view. It is wielding a +0 club.
Your transformation is almost over.
The hobgoblin no longer looks unusually strong.
Robin roars a battlecry!
The hobgoblin goes into a battle-frenzy!
The ball python hisses angrily.
The goblin no longer looks unusually strong.
The goblin wields a +0 hunting sling.
The goblin shoots a sling bullet.
The sling bullet hits you.
* * * LOW HITPOINT WARNING * * *
You see here a sling bullet.
The goblin shoots a sling bullet.
The sling bullet hits you!
* * * LOW HITPOINT WARNING * * *
You see here a sling bullet.
Robin roars a battlecry!
The goblin goes into a battle-frenzy!
Robin throws the goblin at you! The goblin hits you with a +0 dagger.
You die...

#.........######
.#.#.#g#.#.#... ##
.......gh...#.# .g
.#.#.#g#.#.#..# ..
.......g.g...####
..
#.#.#.#.#g#.#.....
##
..........(...####
###
#.#.#.#.#.#...##
...
....).......@...#
###
#.#.#.#.#.#.g.<##
..........##.##
#..#.#.#.#.......
#..........######
#.#####.#### #.#
#.# #.# #.# # #.#
#.#


You could see 2 goblins.

Vanquished Creatures
  An adder (D:2)
  An ooze (D:1)
  A worm (D:2)
  2 dart slugs
  A leopard gecko (D:1)
  2 giant cockroaches
  8 hobgoblins
  3 jackals (D:2)
  A ball python (D:2)
  6 bats (D:1)
  3 frilled lizards (D:1)
  4 goblins (D:2)
  5 kobolds (D:1)
  5 rats
43 creatures vanquished.

Notes
Turn   | Place    | Note
-------+----------+-------------------------------------------
     0 | D:1      | Infinimo the Merfolk Transmuter began the quest for the
                  | Orb.
     0 | D:1      | Reached XP level 1. HP: 15/15 MP: 3/3
    36 | D:1      | Reached XP level 2. HP: 16/21 MP: 5/5
   198 | D:1      | HP: 1/21 [bat (1)]
   721 | D:1      | Reached XP level 3. HP: 18/27 MP: 6/6
  1131 | D:2      | Reached skill level 4 in Unarmed Combat
  1306 | D:2      | Noticed Robin
  1483 | D:2      | Reached XP level 4. HP: 12/33 MP: 5/7
  1685 | D:2      | Found a stormy altar of Qazlal.
  1712 | D:2      | Slain by a goblin

Skill      XL: |  1  2  3 |
---------------+----------+-----
Dodging        | 3 |  3.5
Transmutations | 3 |  3.4
Unarmed Combat | 4 |  4.2
Fighting       | 2 |  2.1
Spellcasting   | |  2.0

Action                   |  1- 3 |  4- 6 || total
-------------------------+-------+-------++-------
Melee: Unarmed           |   134 |    11 ||   145
       Headbutt          |     6 |     1 ||     7
       Punch             |     1 |       ||     1
 Cast: Beastly Appendage |     2 |     3 ||     5
 Stab: Distracted        |     1 |       ||     1
       Sleeping          |       |     1 ||     1
  Eat: Chunk             |     2 |     1 ||     3
Armor: Robe              |    30 |     5 ||    35
Dodge: Dodged            |   102 |    25 ||   127
